SA
PHOENIX HOTSPUR U-21 @ YELLOWKNIFE DRAGONBLOOD
09/06/2034
 
TOP OF THE 1ST
Phoenix Hotspur U-21 batting - Pitching for Yellowknife Dragonblood : RHP Erik Illescas
Pitching: RHP Erik Illescas
Batting: RHB Denny Pickett 0-0: Ball
1-0: Ball
2-0: Called Strike
2-1: Ball
3-1: Swinging Strike
3-2: Base on Balls
Batting: LHB Carel Oskamp 0-0: Ball
Passed Ball!
Denny Pickett to second
1-0: DOUBLE (Flyball, 8RD)
Denny Pickett scores
Batting: LHB Valerius Buser 0-0: Called Strike
0-1: Ground out 4-3 (Groundball, 4)
Carel Oskamp to third
Batting: RHB Brit Davis 0-0: Ball
1-0: SINGLE (Flyball, 7S)
Carel Oskamp scores
Batting: LHB Dinand Rehling 0-0: Ball
1-0: Ball
2-0: Ball
3-0: Base on Balls
Brit Davis to second
Batting: RHB Terry MacDonald 0-0: Ball
1-0: Ball
2-0: Ball
3-0: Foul Ball, location: 2F
3-1: Called Strike
3-2: Foul Ball, location: 2F
3-2: Strikes out swinging
Batting: LHB Keith York 0-0: SINGLE (Groundball, 56S) (infield hit)
Brit Davis to third
Dinand Rehling to second
Batting: RHB Eugene McClellan 0-0: Ball
1-0: Foul Ball, location: 2F
1-1: Called Strike
1-2: Ball
2-2: Ball
3-2: Foul Ball, location: 2F
3-2: Base on Balls
Brit Davis scores
Dinand Rehling to third
Keith York to second
Batting: RHB Pedro Marín 0-0: Ball
1-0: Ball
2-0: Called Strike
2-1: Foul Ball, location: 2F
2-2: Ball
3-2: Foul Ball, location: 2F
3-2: Strikes out swinging
Top of the 1st over - 3 runs, 3 hits, 0 errors, 3 left on base; Phoenix 3 - Yellowknife 0
BOTTOM OF THE 1ST
Yellowknife Dragonblood batting - Pitching for Phoenix Hotspur U-21 : RHP Derek Jones
Pitching: RHP Derek Jones
Batting: SHB Miklos Elias 0-0: Foul Ball, location: 2F
0-1: Ball
1-1: Swinging Strike
1-2: Ball
2-2: Ground out 5-3 (Groundball, 56)
Batting: LHB Jorge Castillo 0-0: Foul Ball, location: 2F
0-1: SINGLE (Line Drive, 78M)
Batting: RHB Loring Rommel 0-0: Ball
1-0: Called Strike
1-1: Ground out 5-3 (Groundball, 5S)
Jorge Castillo to second
Batting: RHB Jeff Reed 0-0: Ball
1-0: Fly out, F3 (Popup, 3F)
Bottom of the 1st over - 0 runs, 1 hit, 0 errors, 1 left on base; Phoenix 3 - Yellowknife 0
TOP OF THE 2ND
Phoenix Hotspur U-21 batting - Pitching for Yellowknife Dragonblood : RHP Erik Illescas
Batting: RHB Denny Pickett 0-0: Ball
1-0: Ball
2-0: Called Strike
2-1: Swinging Strike
2-2: DOUBLE (Groundball, 5L)
Batting: LHB Carel Oskamp 0-0: Ball
1-0: Ball
2-0: Called Strike
2-1: Ball
3-1: Foul Ball, location: 2F
3-2: Foul Ball, location: 2F
3-2: Base on Balls
Batting: LHB Valerius Buser 0-0: Ball
1-0: Ball
2-0: Ball
3-0: Called Strike
3-1: Called Strike
3-2: Foul Ball, location: 2F
3-2: Foul Ball, location: 2F
3-2: Foul Ball, location: 2F
3-2: Foul Ball, location: 2F
3-2: Strikes out swinging
Batting: RHB Brit Davis 0-0: Ball
1-0: Ball
2-0: Ball
3-0: Called Strike
3-1: Base on Balls
Denny Pickett to third
Carel Oskamp to second
Batting: LHB Dinand Rehling 0-0: Foul Ball, location: 2F
0-1: Ball
1-1: SINGLE (Groundball, 34D)
Denny Pickett scores
Carel Oskamp to third
Brit Davis to second
Batting: RHB Terry MacDonald 0-0: Called Strike
0-1: Foul Ball, location: 2F
0-2: Foul Ball, location: 2F
0-2: Strikes out swinging
Batting: LHB Keith York 0-0: Ball
1-0: Ball
2-0: Ball
3-0: Called Strike
3-1: Base on Balls
Carel Oskamp scores
Brit Davis to third
Dinand Rehling to second
Batting: RHB Eugene McClellan 0-0: Ball
1-0: Ball
2-0: Fielders Choice at 2nd, 5-4 (Groundball, 5)
Top of the 2nd over - 2 runs, 2 hits, 0 errors, 3 left on base; Phoenix 5 - Yellowknife 0
BOTTOM OF THE 2ND
Yellowknife Dragonblood batting - Pitching for Phoenix Hotspur U-21 : RHP Derek Jones
Batting: RHB Leonard Carroll 0-0: Ground out 5-3 (Groundball, 5S)
Batting: RHB Jack Cobb 0-0: Ball
1-0: Foul Ball, location: 2F
1-1: Called Strike
1-2: Ground out 6-3 (Groundball, 6)
Batting: RHB Tom Matthews 0-0: Ball
1-0: Called Strike
1-1: Ball
2-1: SINGLE (Groundball, 56S) (infield hit)
Batting: RHB Sergio Aguero 0-0: Ball
Tom Matthews is caught stealing 2nd base
Bottom of the 2nd over - 0 runs, 1 hit, 0 errors, 0 left on base; Phoenix 5 - Yellowknife 0
TOP OF THE 3RD
Phoenix Hotspur U-21 batting - Pitching for Yellowknife Dragonblood : RHP Erik Illescas
Batting: RHB Pedro Marín 0-0: Ball
1-0: Swinging Strike
1-1: Ball
2-1: Swinging Strike
2-2: Strikes out swinging
Batting: RHB Denny Pickett 0-0: Called Strike
0-1: Ball
1-1: Ball
2-1: Called Strike
2-2: Ball
3-2: Foul Ball, location: 2F
3-2: Fly out, F2 (Popup, 23F)
Batting: LHB Carel Oskamp 0-0: Ground out U3 (Groundball, 3L)
Top of the 3rd over - 0 runs, 0 hits, 0 errors, 0 left on base; Phoenix 5 - Yellowknife 0
BOTTOM OF THE 3RD
Yellowknife Dragonblood batting - Pitching for Phoenix Hotspur U-21 : RHP Derek Jones
Batting: RHB Sergio Aguero 0-0: Called Strike
0-1: SINGLE (Line Drive, 4MD)
Batting: RHB John Ryan 0-0: Foul Ball, location: 2F
0-1: Fly out, F3 (Popup, 3)
Batting: SHB Miklos Elias 0-0: Called Strike
0-1: Ball
1-1: Foul Ball, location: 2F
1-2: Ball
2-2: SINGLE (Line Drive, 9S)
Sergio Aguero to second
Batting: LHB Jorge Castillo 0-0: Foul Ball, location: 2F
0-1: Ball
1-1: Called Strike
1-2: Ball
2-2: Foul Ball, location: 2F
2-2: Ball
3-2: Grounds out, U3 (Groundball, 3L)
Sergio Aguero to third
Batting: RHB Loring Rommel 0-0: Ball
1-0: Ball
2-0: Called Strike
2-1: Fly out, F8 (Flyball, 89D)
Bottom of the 3rd over - 0 runs, 2 hits, 0 errors, 2 left on base; Phoenix 5 - Yellowknife 0
TOP OF THE 4TH
Phoenix Hotspur U-21 batting - Pitching for Yellowknife Dragonblood : RHP Erik Illescas
Batting: LHB Valerius Buser 0-0: Ball
1-0: Called Strike
1-1: Ball
2-1: DOUBLE (Line Drive, 9LM)
Batting: RHB Brit Davis 0-0: Ball
1-0: Ball
2-0: Swinging Strike
2-1: SINGLE (Flyball, 89S)
Valerius Buser to third
Pitching: LHP Noe Stover
Batting: LHB Dinand Rehling 0-0: Ball
1-0: Fly out, F5 (Popup, 5)
Batting: RHB Terry MacDonald 0-0: Called Strike
0-1: Fielders Choice at 2nd, 4-6 (Groundball, 4)
Valerius Buser scores
Batting: LHB Keith York 0-0: Ball
Terry MacDonald is caught stealing 2nd base
Top of the 4th over - 1 run, 2 hits, 0 errors, 0 left on base; Phoenix 6 - Yellowknife 0
BOTTOM OF THE 4TH
Yellowknife Dragonblood batting - Pitching for Phoenix Hotspur U-21 : RHP Derek Jones
Batting: RHB Jeff Reed 0-0: Ball
1-0: Swinging Strike
1-1: Swinging Strike
1-2: Fly out, F8 (Flyball, 78XD)
Batting: RHB Leonard Carroll 0-0: Ball
1-0: Ball
2-0: Ball
3-0: Base on Balls
Batting: RHB Jack Cobb 0-0: Fly out, F2 (Popup, 2R)
Batting: RHB Tom Matthews 0-0: Ball
1-0: Swinging Strike
1-1: Swinging Strike
1-2: Strikes out swinging
Bottom of the 4th over - 0 runs, 0 hits, 0 errors, 1 left on base; Phoenix 6 - Yellowknife 0
TOP OF THE 5TH
Phoenix Hotspur U-21 batting - Pitching for Yellowknife Dragonblood : LHP Noe Stover
Batting: LHB Keith York 0-0: Ball
1-0: Ball
2-0: Foul Ball, location: 2F
2-1: Foul Ball, location: 2F
2-2: Foul Ball, location: 2F
2-2: Fly out, F3 (Line Drive, 34)
Batting: RHB Eugene McClellan 0-0: Foul Ball, location: 2F
0-1: SINGLE (Line Drive, 6D)
Batting: RHB Pedro Marín 0-0: Called Strike
0-1: Ball
1-1: Ball
2-1: Called Strike
2-2: Fly out, F8 (Line Drive, 8LM)
Batting: RHB Denny Pickett 0-0: Ball
1-0: Fly out, F4 (Line Drive, 4)
Top of the 5th over - 0 runs, 1 hit, 0 errors, 1 left on base; Phoenix 6 - Yellowknife 0
BOTTOM OF THE 5TH
Yellowknife Dragonblood batting - Pitching for Phoenix Hotspur U-21 : RHP Derek Jones
Batting: RHB Sergio Aguero 0-0: Fly out, F7 (Line Drive, 7)
Batting: RHB John Ryan 0-0: Swinging Strike
0-1: Fly out, F3 (Popup, 3F)
Batting: SHB Miklos Elias 0-0: Called Strike
0-1: Swinging Strike
0-2: SINGLE (Groundball, 34D)
Batting: LHB Jorge Castillo 0-0: Called Strike
0-1: Ball
1-1: Ball
2-1: Ground out 4-3 (Groundball, 34)
Bottom of the 5th over - 0 runs, 1 hit, 0 errors, 1 left on base; Phoenix 6 - Yellowknife 0
TOP OF THE 6TH
Phoenix Hotspur U-21 batting - Pitching for Yellowknife Dragonblood : LHP Noe Stover
Batting: LHB Carel Oskamp 0-0: Called Strike
0-1: Ground out 4-3 (Groundball, 4)
Batting: LHB Valerius Buser 0-0: Called Strike
0-1: Ball
1-1: Foul Ball, location: 2F
1-2: Strikes out swinging
Batting: RHB Brit Davis 0-0: Ball
1-0: Ball
2-0: Called Strike
2-1: Foul Ball, location: 2F
2-2: Foul Ball, location: 2F
2-2: SINGLE (Groundball, 6MD)
Batting: LHB Dinand Rehling 0-0: Fly out, F7 (Line Drive, 78S)
Top of the 6th over - 0 runs, 1 hit, 0 errors, 1 left on base; Phoenix 6 - Yellowknife 0
BOTTOM OF THE 6TH
Yellowknife Dragonblood batting - Pitching for Phoenix Hotspur U-21 : RHP Derek Jones
Batting: RHB Loring Rommel 0-0: Ball
1-0: SINGLE (Groundball, 56D)
Batting: RHB Jeff Reed 0-0: Fly out, F9 (Flyball, 9)
Batting: RHB Leonard Carroll 0-0: Called Strike
0-1: SINGLE (Groundball, 6MD)
Loring Rommel to second
Runner from 2nd tries for 3rd, SAFE, throw made to third
Batting: RHB Jack Cobb 0-0: Fly out, F7 (Flyball, 7)
Runner from 3rd tags up, SCORES, no throw
Batting: RHB Tom Matthews 0-0: Called Strike
0-1: Ball
1-1: Ball
2-1: Ball
3-1: Foul Ball, location: 2F
3-2: Base on Balls
Leonard Carroll to second
Batting: RHB Sergio Aguero 0-0: Ball
1-0: Swinging Strike
1-1: 3-RUN HOME RUN (Flyball, 7D), Distance : 354 ft
Batting: RHB John Ryan 0-0: Ball
1-0: Swinging Strike
1-1: Ball
2-1: Called Strike
2-2: Strikes out looking
Bottom of the 6th over - 4 runs, 3 hits, 0 errors, 0 left on base; Phoenix 6 - Yellowknife 4
TOP OF THE 7TH
Phoenix Hotspur U-21 batting - Pitching for Yellowknife Dragonblood : LHP Noe Stover
Batting: RHB Terry MacDonald 0-0: Ground out U3 (Groundball, 3)
Batting: LHB Keith York 0-0: Ball
1-0: Foul Ball, location: 2F
1-1: Called Strike
1-2: SINGLE (Line Drive, 9S)
Batting: RHB Eugene McClellan 0-0: Ball
1-0: Called Strike
1-1: Foul Ball, location: 2F
1-2: Ball
2-2: Fly out, F5 (Popup, 15)
Batting: RHB Pedro Marín 0-0: Called Strike
0-1: Fly out, F8 (Flyball, 8RD)
Top of the 7th over - 0 runs, 1 hit, 0 errors, 1 left on base; Phoenix 6 - Yellowknife 4
BOTTOM OF THE 7TH
Yellowknife Dragonblood batting - Pitching for Phoenix Hotspur U-21 : RHP Derek Jones
Batting: SHB Miklos Elias 0-0: Foul Ball, location: 2F
0-1: DOUBLE (Flyball, 8RD)
Batting: LHB Jorge Castillo 0-0: Ball
1-0: Fly out, F8 (Flyball, 8RD)
Runner from 2nd tags up, SAFE at 3rd, no throw
Batting: RHB Loring Rommel 0-0: Fly out, F3 (Popup, 3SF)
Batting: RHB Jeff Reed 0-0: SINGLE (Line Drive, 9LM)
Miklos Elias scores
Batting: RHB Leonard Carroll 0-0: Ball
1-0: Ball
2-0: Foul Ball, location: 2F
2-1: Fly out, F7 (Line Drive, 78D)
Bottom of the 7th over - 1 run, 2 hits, 0 errors, 1 left on base; Phoenix 6 - Yellowknife 5
TOP OF THE 8TH
Phoenix Hotspur U-21 batting - Pitching for Yellowknife Dragonblood : LHP Noe Stover
Batting: RHB Denny Pickett 0-0: Called Strike
0-1: Foul Ball, location: 2F
0-2: Strikes out swinging
Batting: LHB Carel Oskamp 0-0: Fly out, F5 (Flyball, 5D)
Batting: LHB Valerius Buser 0-0: SINGLE (Line Drive, 34D)
Batting: RHB Brit Davis 0-0: 2-RUN HOME RUN (Flyball, 7D), Distance : 376 ft
Pitching: RHP Billy Sipple
Batting: LHB Dinand Rehling 0-0: Called Strike
0-1: Fly out, F9 (Line Drive, 9)
Top of the 8th over - 2 runs, 2 hits, 0 errors, 0 left on base; Phoenix 8 - Yellowknife 5
BOTTOM OF THE 8TH
Yellowknife Dragonblood batting - Pitching for Phoenix Hotspur U-21 : RHP Derek Jones
Pitching: RHP Francisco Medine
Batting: RHB Jack Cobb 0-0: Ball
1-0: Ball
2-0: Ball
3-0: Called Strike
3-1: Foul Ball, location: 2F
3-2: Base on Balls
Batting: RHB Tom Matthews 0-0: Ball
1-0: SINGLE (Groundball, 56D)
Jack Cobb to second
Batting: RHB Sergio Aguero 0-0: Ball
1-0: Ball
2-0: Ball
3-0: Base on Balls
Jack Cobb to third
Tom Matthews to second
Pinch Hitting: SHB Jim Dunleavy 0-0: Foul Ball, location: 2F
0-1: Fielders Choice at 2nd, 4-6 (Groundball, 34)
Jack Cobb scores
Tom Matthews to third
Batting: SHB Miklos Elias 0-0: Ball
1-0: Ball
2-0: Foul Ball, location: 2F
2-1: Called Strike
2-2: Ball
3-2: Foul Ball, location: 2F
3-2: Foul Ball, location: 2F
3-2: Base on Balls
Jim Dunleavy to second
Pitching: LHP Chris Stewart
Pinch Hitting: RHB Cruz Orneleas 0-0: Fly out, F9 (Flyball, 89M)
Runner from 3rd tags up, SCORES, throw made
Batting: RHB Loring Rommel 0-0: Foul Ball, location: 2F
0-1: Swinging Strike
0-2: Foul Ball, location: 2F
0-2: Strikes out looking
Bottom of the 8th over - 2 runs, 1 hit, 0 errors, 2 left on base; Phoenix 8 - Yellowknife 7
TOP OF THE 9TH
Phoenix Hotspur U-21 batting - Pitching for Yellowknife Dragonblood : RHP Billy Sipple
Now in LF: Jim Dunleavy
Now in RF: Cruz Orneleas
Batting: RHB Terry MacDonald 0-0: Called Strike
0-1: Foul Ball, location: 2F
0-2: Strikes out looking
Batting: LHB Keith York 0-0: Ball
1-0: SOLO HOME RUN (Flyball, 89XD), Distance : 402 ft
Batting: RHB Eugene McClellan 0-0: Ball
1-0: Swinging Strike
1-1: Foul Ball, location: 2F
1-2: Ball
2-2: Strikes out swinging passed ball, reaches first!
Batting: RHB Pedro Marín 0-0: Foul Ball, location: 2F
0-1: Grounds into double play, 5-4-3 (Groundball, 56)
Top of the 9th over - 1 run, 1 hit, 0 errors, 0 left on base; Phoenix 9 - Yellowknife 7
BOTTOM OF THE 9TH
Yellowknife Dragonblood batting - Pitching for Phoenix Hotspur U-21 : LHP Chris Stewart
Pitching: RHP César Vela
Batting: RHB Jeff Reed 0-0: Ball
1-0: Swinging Strike
1-1: Ball
2-1: Foul Ball, location: 2F
2-2: Strikes out looking
Batting: RHB Leonard Carroll 0-0: Ball
1-0: Fly out, F6 (Popup, 6M)
Batting: RHB Jack Cobb 0-0: Ball
1-0: Ball
2-0: Called Strike
2-1: Ball
3-1: Called Strike
3-2: Strikes out looking
Bottom of the 9th over - 0 runs, 0 hits, 0 errors, 0 left on base; Phoenix 9 - Yellowknife 7
Friday, March 29th, 2019 - OOTP Baseball 18.8 Build 76